 Dungeon Crawl Stone Soup version 0.21.1-1-g345015f (webtiles) character file.

25588 Mirai the Severer (level 12, -1/110 HPs)
             Began as a Minotaur Fighter on Mar 21, 2018.
             Was a High Priest of Okawaru.
             Killed from afar by Nergalle (16 damage)
             ... with a bolt of negative energy
             ... on level 4 of the Lair of Beasts.
             The game lasted 00:41:15 (14156 turns).

Mirai the Severer (Minotaur Fighter)               Turns: 14156, Time: 00:41:16

Health: -1/110     AC: 21    Str: 26    XL:     12   Next: 90%
Magic:  0/11       EV: 12    Int:  5    God:    Okawaru [*****.]
Gold:   747        SH:  0    Dex: 10    Spells: 11/11 levels left

rFire    + . .     SeeInvis +   a - +4 battleaxe (flame)
rCold    + . .     Gourm    .   (shield currently unavailable)
rNeg     + . .     Faith    .   d - +0 plate armour
rPois    .         Spirit   +   D - +0 hat
rElec    .         Reflect  .   (no cloak)
rCorr    .         Harm     .   E - +1 pair of gloves
MR       .....                  e - +2 pair of boots "Jickuclu" {rF+ rC+}
Stlth    ..........             k - amulet of guardian spirit
HPRegen  0.28/turn              w - ring of see invisible
MPRegen  0.12/turn              h - ring of positive energy

@: lethally poisoned (-1 -> -9), drained
A: retaliatory headbutt, horns 2
a: Heroism, Finesse, Renounce Religion


You were on level 4 of the Lair of Beasts.
You worshipped Okawaru.
Okawaru was extremely pleased with you.
You were not hungry.

You visited 3 branches of the dungeon, and saw 15 of its levels.
You also visited: Labyrinth.

You collected 747 gold pieces.

Inventory:

Hand Weapons
 a - a +4 battleaxe of flaming (weapon)
Armour
 c - a +0 shield
 d - a +0 plate armour (worn)
 e - the +2 pair of boots "Jickuclu" (worn) {rF+ rC+}
   (You found it on level 2 of the Lair of Beasts)

   It protects you from fire.
   It protects you from cold.
 D - a +0 hat (worn)
 E - a +1 pair of gloves (worn)
 H - a +0 plate armour
 O - a +0 pair of gloves
 P - a +0 chain mail
Jewellery
 h - a ring of positive energy (right hand)
 k - an amulet of guardian spirit (around neck)
 w - a ring of see invisible (left hand)
 G - an uncursed ring of protection from cold {unknown}
Wands
 v - a wand of digging (22)
 z - a wand of polymorph (30)
 B - a wand of scattershot (5)
 L - a wand of iceblast (7)
 M - a wand of flame (13)
Scrolls
 b - 3 scrolls of random uselessness {unknown}
 i - 4 scrolls of remove curse
 j - 2 scrolls of teleportation
 p - a scroll of magic mapping
 q - a scroll of fog {unknown}
 r - 3 scrolls of immolation
 s - 3 scrolls of amnesia
 u - 4 scrolls of enchant armour
 I - 2 scrolls of identify
Potions
 g - 8 potions of curing {unknown}
 l - 2 potions of mutation {unknown}
 o - 2 potions of lignification {unknown}
 t - 2 potions of resistance {unknown}
 A - a potion of ambrosia {unknown}
 C - a potion of agility {unknown}
 J - 4 potions of heal wounds {unknown}
 K - 3 potions of flight {unknown}
Books
 n - Kikubaaqudgha's Almanac of Darkness
   (You found it on level 2 of the Dungeon)

   Spells                             Type                      Level
   a - Pain                           Necromancy                   1
 x - a book of Misfortune

   Spells                             Type                      Level
   a - Confusing Touch                Hexes                        1
   b - Confuse                        Hexes                        3
   c - Gell's Gravitas                Translocation                3
   d - Petrify                        Transmutation/Earth          4
   e - Metabolic Englaciation         Hexes/Ice                    5
   f - Yara's Violent Unravelling     Hexes/Transmutation          5
 y - a book of Misfortune

   Spells                             Type                      Level
   a - Confusing Touch                Hexes                        1
   b - Confuse                        Hexes                        3
   c - Gell's Gravitas                Translocation                3
   d - Petrify                        Transmutation/Earth          4
   e - Metabolic Englaciation         Hexes/Ice                    5
   f - Yara's Violent Unravelling     Hexes/Transmutation          5
 F - a book of Callings

   Spells                             Type                      Level
   a - Summon Small Mammal            Summoning                    1
   b - Call Imp                       Summoning                    2
   c - Call Canine Familiar           Summoning                    3
   d - Summon Guardian Golem          Hexes/Summoning              3
   e - Summon Lightning Spire         Summoning/Air                4
   f - Summon Ice Beast               Ice/Summoning                4
 N - a book of Power

   Spells                             Type                      Level
   a - Iskenderun's Battlesphere      Conjuration/Charms           5
   b - Venom Bolt                     Conjuration/Poison           5
   c - Bolt of Magma                  Conjuration/Fire/Earth       5
   d - Iron Shot                      Conjuration/Earth            6
   e - Orb of Destruction             Conjuration                  7
   f - Spellforged Servitor           Conjuration/Summoning        7
Miscellaneous
 m - a lightning rod (4/4)
Comestibles
 f - 21 rations
 Q - 10 chunks of flesh


   Skills:
 + Level 11.6(11.1) Fighting
 + Level 16.1(15.7) Axes
 + Level 12.0(11.5) Armour
 * Level 10.9(10.5) Dodging
 - Level 3.6(3.2) Shields
 + Level 0.9(0.6) Invocations


You had 11 spell levels left.
You didn't know any spells.

Dungeon Overview and Level Annotations

Branches:
Dungeon (10/15)            Temple (1/1) D:6            Lair (4/6) D:10
 Shoals (0/4) Lair:3       Spider (0/4) Lair:4
    Orc: D:9-12

Altars:
Ashenzari
Cheibriados
Dithmenos
Elyvilon
Fedhas
Gozag
Hepliaklqana
Kikubaaqudgha
Makhleb
Nemelex Xobeh
Okawaru
Qazlal
Ru
Sif Muna
Trog
Uskayaw
Vehumet
Wu Jian
Xom
Yredelemnul
Zin
The Shining One

Shops:
D:9 **

Annotations:
Lair:4 Nergalle


Innate Abilities, Weirdness & Mutations

You reflexively headbutt those who attack you in melee.
You have a pair of horns on your head.


Message History

You slash the spectral orc warrior! You burn the spectral orc warrior.
You feel sick. Nergalle hits you but does no damage.
You are more poisoned.
The spectral orc knight hits you but does no damage.
You hit Nergalle. You burn Nergalle.
Nergalle is severely wounded.
You hit the spectral orc knight. You burn the spectral orc knight.
You hit the spectral orc warrior. You burn the spectral orc warrior.
You destroy the spectral orc warrior!
You feel sick.
Nergalle hits you with a dagger of venom.
* * * LOW HITPOINT WARNING * * *
You closely miss Nergalle.
You headbutt Nergalle, but do no damage.
Nergalle is severely wounded.
You barely miss the spectral orc knight.
You feel sick. The spectral orc knight misses you.
Nergalle points at you and mumbles some strange words.
The bolt of negative energy hits you! You partially resist.
You feel drained.
You die...

...........###.........**
.......#P..#.#.........#
......###..............#
.....####..............#
.....#.####P#..........#*
......#* ###...........*
......# ##..........*
..##P## ##..........#*
###### #....@†.....#* ##
##..Z.o......* .#
#P..........P* .#
##..........#* .#*
*#..)........* ..#
*............* ###
#...........#*
#...........#
****,*,,**,**


You could see Nergalle and a spectral orc knight.

Vanquished Creatures
  A minotaur (Lab)
  A hydra (Lair:2)
  A two-headed ogre (D:10)
  A cyclops (D:10)
  A centaur zombie (D:10)
  A merfolk siren (Lair:3)
  2 black mambas
  Psyche (D:9)
  14 elephants
  6 spiny frogs
  A gargoyle (D:10)
  6 komodo dragons
  A troll (D:10)
  A polar bear (Lair:3)
  The ghost of Shinoi the Chopper, an amateur DsAK of Lugonu (D:4)
  3 hornets (D:8)
  Grinder (D:6)
  10 blink frogs (Lair:2)
  7 hippogriffs
  Eustachio (D:4)
  A wyvern (D:8)
  9 yaks
  A basilisk (Lair:3)
  Edmund (D:4)
  6 water moccasins
  A soldier ant (D:8)
  7 porcupines
  5 sky beasts
  An ice beast (D:10)
  2 orc warriors
  2 black bears
  A necrophage (D:9)
  4 ogres
  6 wolves (Lair:3)
  3 centaurs
  7 crocodiles
  2 big kobolds (D:10)
  6 bullfrogs
  6 scorpions
  5 killer bees (D:10)
  2 electric eels (Lair:4)
  8 wights
  2 howler monkeys (D:8)
  8 crimson imps
  A bullfrog zombie (D:9)
  6 hounds
  8 orc priests
  A gnoll shaman (D:7)
  A jelly (D:9)
  5 orc wizards
  6 worker ants
  3 gnolls (D:7)
  A howler monkey skeleton (D:5)
  15 adders
  A worker ant zombie (D:8)
  3 shadow imps
  3 oozes
  2 adder zombies
  2 adder skeletons
  4 worms
  4 dart slugs
  5 leopard geckos
  37 orcs
  15 bats
  4 giant cockroaches
  3 goblins
  9 hobgoblins
  7 jackals
  A quokka (D:3)
  A ball python (D:9)
  A frilled lizard (D:3)
  23 kobolds
  A quokka skeleton (D:7)
  5 rats
  A bush (D:1)
  4 fungi
  4 plants
344 creatures vanquished.

Vanquished Creatures (others)
  4 fungi
  4 plants
8 creatures vanquished.

Grand Total: 352 creatures vanquished

Notes
Turn   | Place    | Note
-------+----------+-------------------------------------------
     0 | D:1      | Mirai the Minotaur Fighter began the quest for the Orb.
     0 | D:1      | Reached XP level 1. HP: 19/19 MP: 0/0
    56 | D:1      | Reached XP level 2. HP: 27/27 MP: 1/1
   178 | D:1      | Reached skill level 1 in Dodging
   397 | D:1      | Reached XP level 3. HP: 31/33 MP: 2/2
   660 | D:1      | Reached skill level 3 in Axes
  1120 | D:2      | Found an ancient bone altar of Kikubaaqudgha.
  1120 | D:2      | Found a deep blue altar of Sif Muna.
  1122 | D:2      | Found a radiant altar of Vehumet.
  1125 | D:2      | Identified Kikubaaqudgha's Almanac of Darkness
  1230 | D:2      | Reached XP level 4. HP: 40/40 MP: 3/3
  1836 | D:3      | Found an opulent altar of Gozag.
  1994 | D:3      | Reached skill level 4 in Axes
  1994 | D:3      | Reached XP level 5. HP: 34/47 MP: 2/4
  2780 | D:4      | Reached skill level 5 in Axes
  2780 | D:4      | Reached skill level 5 in Armour
  2780 | D:4      | Reached XP level 6. HP: 33/53 MP: 3/5
  2854 | D:4      | Noticed Edmund
  2871 | D:4      | Killed Edmund
  2871 | D:4      | Reached skill level 5 in Fighting
  2902 | D:4      | Noticed Shinoi's ghost (amateur DsAK)
  2909 | D:4      | HP: 1/56 [Shinoi's ghost (13)]
  3325 | D:4      | Noticed Eustachio
  3333 | D:4      | Killed Eustachio
  3333 | D:4      | Reached skill level 6 in Axes
  3333 | D:4      | Reached XP level 7. HP: 54/61 MP: 6/6
  3370 | D:4      | Killed Shinoi's ghost
  3473 | D:4      | Reached skill level 7 in Axes
  3616 | D:4      | Found a shimmering altar of Xom.
  3690 | D:4      | Found a sparkling altar of Nemelex Xobeh.
  3690 | D:4      | Found a shattered altar of Ashenzari.
  3738 | D:4      | Reached XP level 8. HP: 68/70 MP: 7/7
  3811 | D:5      | Entered Level 5 of the Dungeon
  4126 | D:5      | Reached skill level 8 in Axes
  4405 | D:5      | Found a snail-covered altar of Cheibriados.
  4481 | D:6      | Reached skill level 5 in Dodging
  4770 | D:6      | Reached skill level 9 in Axes
  4814 | D:6      | Noticed Grinder
  4838 | D:6      | Killed Grinder
  4958 | D:6      | Reached XP level 9. HP: 77/78 MP: 6/8
  5136 | D:6      | Found a staircase to the Ecumenical Temple.
  5145 | Temple   | Entered the Ecumenical Temple
  5711 | D:7      | Found a hide-covered altar of Uskayaw.
  5718 | D:7      | Noticed a dagger
  5720 | D:7      | Noticed a hand axe
  5826 | D:7      | Reached skill level 10 in Axes
  5924 | D:7      | Found a blossoming altar of Fedhas.
  6549 | D:8      | Reached skill level 11 in Axes
  6922 | D:8      | Reached XP level 10. HP: 79/88 MP: 7/9
  7069 | D:8      | Found an iron altar of Okawaru.
  7094 | D:8      | Became a worshipper of Warmaster Okawaru
  7130 | D:8      | Paralysed by a hornet for 3 turns
  7446 | D:9      | Got a warped trident
  7531 | D:9      | Reached * piety under Okawaru
  7531 | D:9      | Reached skill level 12 in Axes
  7576 | D:9      | Found Ziphan Peegi's Serpentskin Sales.
  7830 | D:9      | Found Ganunoup's Assorted Antiques.
  8035 | D:9      | Noticed Psyche
  8047 | D:9      | Killed Psyche
  8197 | D:10     | Entered Level 10 of the Dungeon
  8258 | D:10     | Noticed a cyclops
  8268 | D:10     | Killed a cyclops
  8268 | D:10     | Reached ** piety under Okawaru
  8431 | D:10     | Noticed a gargoyle
  8440 | D:10     | Killed a gargoyle
  8440 | D:10     | Reached skill level 13 in Axes
  8672 | D:10     | Reached XP level 11. HP: 76/97 MP: 7/10
  8785 | D:10     | Reached *** piety under Okawaru
  8852 | D:10     | Noticed a two-headed ogre
  8864 | D:10     | Killed a two-headed ogre
  9027 | D:10     | Found a staircase to the Lair.
  9206 | Lair:1   | Entered Level 1 of the Lair of Beasts
  9916 | Lair:2   | Reached skill level 10 in Armour
 10220 | Lair:2   | Reached **** piety under Okawaru
 10457 | Lair:2   | Noticed a four-headed hydra
 10467 | Lair:2   | Killed a one-headed hydra
 10467 | Lair:2   | Reached skill level 10 in Fighting
 10467 | Lair:2   | Reached skill level 14 in Axes
 10993 | Lair:2   | Got a pair of jewelled boots
 10999 | Lair:2   | Identified the +2 pair of boots "Jickuclu" {rF+ rC+} (You found it on level 2 of the Lair of Beasts)
 11369 | Lair:2   | Reached ***** piety under Okawaru
 11509 | Lair:2   | Reached XP level 12. HP: 107/107 MP: 9/11
 11989 | Lair:3   | Received a gift from Okawaru
 12072 | Lair:3   | Reached skill level 10 in Dodging
 12541 | Lair:3   | Reached skill level 15 in Axes
 12654 | Lair:3   | Found a staircase to the Shoals.
 13114 | Lair:4   | Received a gift from Okawaru
 13274 | Lair:4   | Found a labyrinth entrance.
 13284 | Lab      | Entered a labyrinth
 13434 | Lab      | Noticed a minotaur
 13442 | Lab      | Killed a minotaur
 13467 | Lab      | Got an ichor-stained long sword {slice}
 13475 | Lab      | Identified the +2 long sword "Mats" {slice, +Rage Str-3 Int+7 SInv} (You took it off a minotaur in a labyrinth)
 13551 | Lair:4   | Found a hole to the Spider Nest.
 13632 | Lair:4   | Reached skill level 16 in Axes
 14145 | Lair:4   | Noticed Nergalle
 14156 | Lair:4   | Killed from afar by Nergalle

Skill      XL: |  1  2  3  4  5  6  7  8  9 10 11 12 |
---------------+-------------------------------------+-----
Fighting       | 4 5 6 8 9 10 11 | 11.6
Armour         | 4 5 6 7 8 9 11 12 | 12.0
Dodging        | 1 2 3 4 5 7 8 9 10 | 10.9
Axes           | 3 4 5 6 7 9 11 13 14 16 | 16.1
Shields        | |  3.6
Invocations    | |  0.9

Action                   |  1- 3 |  4- 6 |  7- 9 | 10-12 || total
-------------------------+-------+-------+-------+-------++-------
Melee: War axe           |   155 |   133 |   304 |   313 ||   905
       Headbutt          |    45 |    25 |    67 |   133 ||   270
       Hand axe          |       |       |       |     5 ||     5
       Battleaxe         |       |       |       |   179 ||   179
Invok: Heroism           |       |       |       |     8 ||     8
  Use: Scroll            |       |     6 |       |     9 ||    15
       Potion            |       |       |     1 |     1 ||     2
  Eat: Chunk             |     1 |     7 |    12 |    13 ||    33
       Ration            |       |       |       |     3 ||     3
Armor: Scale mail        |    34 |    60 |    11 |       ||   105
       Plate armour      |       |       |   133 |   269 ||   402
       Chain mail        |       |       |    27 |       ||    27
Dodge: Dodged            |    25 |    58 |   100 |   222 ||   405
Block: Shield            |    47 |   102 |   164 |   157 ||   470
